 Dungeon Crawl Stone Soup version 0.21.1-1-g345015f (webtiles) character file.

56058 Kairos the Basher (level 14, -1/172 HPs)
             Began as a Vine Stalker Fighter on Apr 25, 2018.
             Was a High Priest of Okawaru.
             Shot with an arrow by a naga sharpshooter (5 damage)
             ... led by Vashnia
             ... on level 2 of the Snake Pit.
             The game lasted 00:52:04 (16303 turns).

Kairos the Basher (Vine Stalker Fighter)           Turns: 16303, Time: 00:52:06

Health: -1/172     AC: 27    Str: 29    XL:     14   Next: 80%
Magic:  0/15       EV:  2    Int:  8    God:    Okawaru [*****.]
Gold:   1214       SH:  0    Dex: 25    Spells: 10/13 levels left

rFire    + . .     SeeInvis .   C - +9 quarterstaff of Thoughtfulness {freeze, Dex+8}
rCold    . . .     Gourm    .   (shield currently unavailable)
rNeg     + + +     Faith    .   (armour currently unavailable)
rPois    +         Spirit   +   (helmet currently unavailable)
rElec    .         Reflect  .   (cloak currently unavailable)
rCorr    .         Harm     .   (gloves currently unavailable)
MR       +....     NoTele   +   (boots currently unavailable)
Stlth    ..........             A - amulet of regeneration
HPRegen  1.58/turn              q - +3 ring of dexterity
MPRegen  0.14/turn              Q - ring of protection from fire

@: berserking, lethally poisoned (-1 -> -1), tree-form, very quick
A: regeneration 2, magic shield, no potion heal 3, rot immunity
a: Heroism, Finesse, Renounce Religion


You were on level 2 of the Snake Pit.
You worshipped Okawaru.
Okawaru was extremely pleased with you.
You were not hungry.
You were a tree.
You visited 4 branches of the dungeon, and saw 18 of its levels.
You also visited: Volcano.

You collected 1214 gold pieces.

Inventory:

Hand Weapons
 a - a +2 morningstar of protection
 s - a +0 flail of holy wrath
 w - a +1 war axe of chopping
 C - the +9 quarterstaff of Thoughtfulness (weapon) {freeze, Dex+8}
   (You found it on level 5 of the Dungeon)

   It has been specially enchanted to freeze those struck by it, causing extra
   injury to most foes and up to half again as much damage against particularly
   susceptible opponents.
   It can also slow down cold-blooded creatures.
   It affects your dexterity (+8).
 E - a +2 quarterstaff of flaming
 H - a +0 vampiric trident
 T - the +4 dire flail "Limm" {crush, rElec rN+ Int+4}
   (You found it on level 1 of the Lair of Beasts)

   It inflicts extra damage upon your enemies.
   It affects your intelligence (+4).
   It insulates you from electricity.
   It protects you from negative energy.
 X - the +5 great mace of Quse {crush, rElec Str-4 Int+4 Dex+5}
   (You found it on level 6 of the Lair of Beasts)

   It inflicts extra damage upon your enemies.
   It affects your strength (-4).
   It affects your intelligence (+4).
   It affects your dexterity (+5).
   It insulates you from electricity.
Missiles
 S - 4 throwing nets (quivered)
Armour
 b - the +3 shield "Faqaum" {rCorr Int+3}
   (Okawaru gifted it to you on level 3 of the Lair of Beasts)

   It affects your intelligence (+3).
   It protects you from acid and corrosion.
 j - a +1 helmet of see invisible (melded)
 z - a +0 pair of boots (melded)
 G - a +4 plate armour of fire resistance
 I - a +2 pair of gloves (melded)
 V - the +3 chain mail of Autotheism (melded) {Dex+2 Slay+3}
   (You found it on level 1 of the Lair of Beasts)

   It affects your dexterity (+2).
   It affects your accuracy and damage with ranged weapons and melee attacks
   (+3).
Jewellery
 l - an uncursed ring of wizardry
 q - a +3 ring of dexterity (left branch)
 A - an amulet of regeneration (around neck)
 O - an uncursed ring of flight
 Q - a ring of protection from fire (right branch)
Wands
 n - a wand of iceblast (13)
 r - a wand of polymorph (8)
 y - a wand of acid (13)
 L - a wand of scattershot (2)
 M - a wand of disintegration (9)
 Y - a wand of clouds (5)
 Z - a wand of paralysis (18)
Scrolls
 c - 2 scrolls of identify
 e - 6 scrolls of remove curse
 h - 4 scrolls of teleportation
 k - 3 scrolls of magic mapping
 m - 5 scrolls of fog
 p - a scroll of random uselessness {unknown}
 x - 4 scrolls of enchant weapon {unknown}
 K - 2 scrolls of blinking {unknown}
 N - a scroll of amnesia {unknown}
 U - 2 scrolls of enchant armour {unknown}
Potions
 d - 2 potions of might
 g - 3 potions of agility {unknown}
 i - 5 potions of lignification
 t - 4 potions of invisibility
 u - 2 potions of ambrosia
 D - 2 potions of resistance {unknown}
 J - a potion of haste {unknown}
 W - a potion of magic {unknown}
Comestibles
 f - 35 rations


   Skills:
 + Level 10.0 Fighting
 + Level 5.8(9.5) Axes
 + Level 11.4(13.7) Maces & Flails
 + Level 11.3(13.2) Staves
 + Level 10.1 Armour
 + Level 4.7 Dodging
 + Level 4.1 Stealth
 + Level 5.7 Shields
 + Level 1.0 Invocations
 + Level 0.1 Evocations


You had 10 spell levels left.
You knew the following spells:

 Your Spells              Type           Power        Failure   Level  Hunger
a - Apportation           Tloc           #.....       41%         1    ##.....
b - Swiftness             Chrm/Air       #.......     54%         2    ###....


Dungeon Overview and Level Annotations

Branches:
Dungeon (9/15)             Temple (1/1) D:7            Lair (6/6) D:9
  Swamp (0/4) Lair:4        Snake (2/4) Lair:4        Slime (0/5) Lair:6
    Orc: D:9-12

Altars:
Cheibriados
Dithmenos
Gozag
Kikubaaqudgha
Nemelex Xobeh
Okawaru
Trog
Uskayaw
Xom

Shops:
D:8 :

Annotations:
Snake:2 Vashnia


Innate Abilities, Weirdness & Mutations

((You have razor-sharp teeth.))
You heal very quickly.
When hurt, damage is shared between your health and your magic reserves.
((Your bite disrupts and absorbs the magic of your enemies.))
Potions cannot restore your health.
You are immune to rotting.


Message History

* * * LOW HITPOINT WARNING * * *
You sock Vashnia! You freeze Vashnia.
Vashnia is severely wounded.
You thump Vashnia!
Vashnia is almost dead.
You feel sick.
Vashnia gestures wildly while chanting.
The naga sharpshooter blinks!
You closely miss Vashnia.
Vashnia is almost dead.
You closely miss Vashnia.
Vashnia is almost dead.
You miss Vashnia.
Vashnia is almost dead.
Vashnia shoots an arrow.
The arrow hits you.
* * * LOW HITPOINT WARNING * * *
The naga sharpshooter casts a spell.
The naga sharpshooter magically shoots an arrow.
The arrow hits you.
You die...

# #...........#(......##
# ##..........#(.......#
##........##(......##
#.#......#.....<..#
#####.#####........##
####.#.#..## #.........#
....#......###(.......##
##...........#.(.....##
##...........###♣...##
................N####
##.............§#######
.##.............###...##
.##.......N............#
.###.........#.........#
..##........###........#
.##.###..#### #........#
##.# ##.# #........#


You could see Vashnia and a naga sharpshooter.

Vanquished Creatures
  A fire dragon (Lair:6)
  6 hydras
  A naga warrior (Snake:1)
  Harold (Lair:1)
  3 anacondas (Snake:1)
  A two-headed ogre (D:9)
  5 death yaks
  A hell hog (Volcano)
  A shock serpent (Snake:2)
  4 naga sharpshooters (Snake:2)
  Sonja (Lair:2)
  A fire crab (Volcano)
  Pikel (D:7)
  A lindwurm (Lair:6)
  An ugly thing (D:6)
  The ghost of appiemonkey the Cleaver, a novice VSGl of Okawaru (D:8)
  4 oklob plants (Lair:3)
  A mana viper (Snake:1)
  3 salamanders (Snake:1)
  5 elephants (Lair:5)
  Maurice (D:8)
  Psyche (D:8)
  8 black mambas
  4 molten gargoyles
  3 naga magi
  7 spiny frogs
  2 rime drakes
  The ghost of RudyRod the Grave Robber, a novice DsNe (D:5)
  5 komodo dragons
  2 polar bears
  Grinder (D:6)
  A hornet (D:9)
  23 blink frogs
  4 hippogriffs
  A spriggan (Lair:3)
  Sigmund (D:2)
  27 yaks
  6 basilisks
  A fire bat (Volcano)
  8 wyverns
  Eustachio (D:6)
  A hungry ghost (D:7)
  4 steam dragons
  Menkaure (D:7)
  Edmund (D:6)
  5 nagas (Snake:1)
  Duvessa (D:6)
  19 water moccasins
  9 hell hounds
  4 porcupines
  A black bear (Lair:3)
  3 orc warriors
  A sky beast (D:7)
  2 ice beasts
  6 ogres
  2 phantoms (D:4)
  12 wolves
  15 crocodiles
  8 bullfrogs
  A gnoll sergeant (D:6)
  6 scorpions
  Dowan (D:6)
  9 killer bees
  4 wights
  7 lava snakes
  2 centaur zombies
  3 crimson imps
  2 centaur skeletons
  7 hounds
  10 orc priests
  An iguana (D:8)
  9 orc wizards
  2 worker ants
  A mummy (D:9)
  Robin (D:2)
  A worker ant zombie (D:5)
  5 gnolls (D:6)
  6 adders
  3 shadow imps
  A white imp (D:4)
  An ooze (D:1)
  An adder zombie (D:9)
  3 adder skeletons
  4 worms
  2 dart slugs (D:1)
  3 leopard geckos
  42 orcs
  6 giant cockroaches
  13 goblins
  14 hobgoblins
  11 jackals
  10 kobolds
  6 quokkas
  A ball python (D:6)
  8 bats
  5 frilled lizards
  2 leopard gecko skeletons
  9 rats
  4 plants (Lair:3)
473 creatures vanquished.

Vanquished Creatures (others)
  An orc warrior (D:7)
  8 fungi
  9 plants
18 creatures vanquished.

Grand Total: 491 creatures vanquished

Notes
Turn   | Place    | Note
-------+----------+-------------------------------------------
     0 | D:1      | Kairos the Vine Stalker Fighter began the quest for the Orb.
     0 | D:1      | Reached XP level 1. HP: 11/11 MP: 2/2
   290 | D:1      | Reached XP level 2. HP: 15/16 MP: 3/3
   488 | D:1      | Reached XP level 3. HP: 13/20 MP: 4/4
  1149 | D:2      | Gained mutation: Your natural rate of healing is unusually fast. [Vine Stalker growth]
  1149 | D:2      | Reached XP level 4. HP: 24/24 MP: 3/5
  1253 | D:2      | Found a sparkling altar of Nemelex Xobeh.
  1262 | D:2      | Reached skill level 1 in Stealth
  1267 | D:2      | Reached skill level 1 in Maces & Flails
  1397 | D:2      | Found a faded altar of an unknown god.
  1397 | D:2      | Noticed Sigmund
  1406 | D:2      | Killed Sigmund
  1406 | D:2      | Reached skill level 1 in Dodging
  1406 | D:2      | Reached XP level 5. HP: 10/28 MP: 3/6
  1406 | D:2      | Reached XP level 6. HP: 11/32 MP: 3/7
  1511 | D:2      | Noticed Robin
  1527 | D:2      | Killed Robin
  1677 | D:2      | Found a shadowy altar of Dithmenos.
  1677 | D:2      | Found an opulent altar of Gozag.
  2429 | D:4      | Noticed a phantom
  2454 | D:4      | Killed a phantom
  2459 | D:4      | Reached XP level 7. HP: 20/36 MP: 6/8
  3049 | D:4      | Gained mutation: You have razor-sharp teeth. [Vine Stalker growth]
  3049 | D:4      | Reached XP level 8. HP: 34/42 MP: 6/9
  3360 | D:5      | Entered Level 5 of the Dungeon
  3542 | D:5      | Noticed RudyRod's ghost (novice DsNe)
  3617 | D:5      | Got a smoking quarterstaff
  3623 | D:5      | Identified the +9 quarterstaff of Thoughtfulness {freeze, Dex+8} (You found it on level 5 of the Dungeon)
  3697 | D:5      | Killed RudyRod's ghost
  3872 | D:6      | Noticed Dowan
  3873 | D:6      | Noticed Duvessa
  3889 | D:6      | Killed Dowan
  3895 | D:6      | Killed Duvessa
  3895 | D:6      | Reached skill level 5 in Maces & Flails
  3895 | D:6      | Reached skill level 1 in Staves
  3910 | D:6      | Noticed a brown ugly thing
  3918 | D:6      | Killed a brown ugly thing
  3918 | D:6      | Reached XP level 9. HP: 22/46 MP: 6/10
  3954 | D:6      | Noticed Eustachio
  3954 | D:6      | Noticed Grinder
  3966 | D:6      | Killed Eustachio
  3983 | D:6      | Killed Grinder
  3983 | D:6      | Reached skill level 5 in Shields
  4154 | D:6      | Reached skill level 5 in Armour
  4257 | D:6      | Reached skill level 5 in Staves
  4312 | D:6      | Noticed Edmund
  4314 | D:6      | Reached skill level 5 in Fighting
  4321 | D:6      | Killed Edmund
  4686 | D:7      | Reached XP level 10. HP: 45/51 MP: 7/11
  4774 | D:7      | Noticed Menkaure
  4777 | D:7      | Killed Menkaure
  4946 | D:7      | Noticed Pikel
  4961 | D:7      | Killed Pikel
  5166 | D:7      | Found a staircase to the Ecumenical Temple.
  5179 | Temple   | Entered the Ecumenical Temple
  5219 | Temple   | Became a worshipper of Warmaster Okawaru
  5657 | D:8      | Found Emeaqoifi's Book Boutique.
  5671 | D:8      | Found a bloodstained altar of Trog.
  5987 | D:8      | Noticed Psyche
  6000 | D:8      | Killed Psyche
  6000 | D:8      | Reached * piety under Okawaru
  6053 | D:8      | Noticed Maurice
  6059 | D:8      | Killed Maurice
  6334 | D:8      | Noticed appiemonkey's ghost (novice VSGl)
  6346 | D:8      | Killed appiemonkey's ghost
  6346 | D:8      | Reached ** piety under Okawaru
  6346 | D:8      | Reached XP level 11. HP: 42/56 MP: 7/12
  6408 | D:9      | Found a staircase to the Lair.
  6537 | D:9      | Noticed a two-headed ogre
  6543 | D:9      | Killed a two-headed ogre
  6864 | D:9      | Found a snail-covered altar of Cheibriados.
  6940 | D:9      | Reached *** piety under Okawaru
  7086 | Lair:1   | Entered Level 1 of the Lair of Beasts
  7148 | Lair:1   | Reached skill level 10 in Staves
  7271 | Lair:1   | Reached **** piety under Okawaru
  7462 | Lair:1   | Noticed Harold
  7463 | Lair:1   | Noticed a four-headed hydra
  7484 | Lair:1   | Killed a four-headed hydra
  7497 | Lair:1   | Killed Harold
  7531 | Lair:1   | Gained mutation: You heal very quickly. [Vine Stalker growth]
  7531 | Lair:1   | Reached XP level 12. HP: 63/63 MP: 13/13
  7550 | Lair:1   | Reached ***** piety under Okawaru
  7606 | Lair:1   | Got a twisted dire flail
  7607 | Lair:1   | Identified the +4 dire flail "Limm" {crush, rElec rN+ Int+4} (You found it on level 1 of the Lair of Beasts)
  7776 | Lair:1   | Got a jewelled chain mail
  7787 | Lair:1   | Identified the +3 chain mail of Autotheism {Dex+2 Slay+3} (You found it on level 1 of the Lair of Beasts)
  8183 | Lair:2   | Noticed a six-headed hydra
  8195 | Lair:2   | Killed a six-headed hydra
  8264 | Lair:2   | Noticed a five-headed hydra
  8273 | Lair:2   | Killed a five-headed hydra
  8765 | Lair:2   | Noticed Sonja
  9452 | Lair:2   | Killed Sonja
  9505 | Lair:2   | Learned a level 1 spell: Apportation
 10326 | Lair:4   | Found a staircase to the Snake Pit.
 10473 | Lair:4   | Received a gift from Okawaru
 10741 | Lair:4   | Reached XP level 13. HP: 69/69 MP: 12/14
 10894 | Lair:4   | Found a staircase to the Swamp.
 11233 | Lair:5   | Reached ****** piety under Okawaru
 11309 | Lair:5   | Found a dark tunnel.
 11316 | Volcano  | Entered a volcano
 11394 | Volcano  | Found a burning altar of Makhleb.
 12415 | Lair:6   | Entered Level 6 of the Lair of Beasts
 12524 | Lair:6   | Reached skill level 10 in Maces & Flails
 12555 | Lair:6   | Received a gift from Okawaru
 12771 | Lair:6   | Got a pitted great mace
 12772 | Lair:6   | Identified the +5 great mace of Quse {crush, rElec Str-4 Int+4 Dex+5} (You found it on level 6 of the Lair of Beasts)
 12782 | Lair:6   | Found a staircase to the Slime Pits.
 13275 | Lair:6   | Reached XP level 14. HP: 70/75 MP: 15/15
 13312 | Lair:6   | Found a large runed door.
 13313 | Lair:6   | Found a large runed door.
 13883 | Lair:2   | Learned a level 2 spell: Swiftness
 13925 | Snake:1  | Entered Level 1 of the Snake Pit
 14414 | Lair:3   | Received a gift from Okawaru
 14417 | Lair:3   | Got a crude shield {god gift}
 14432 | Lair:3   | Identified the +3 shield "Faqaum" {rCorr Int+3} (Okawaru gifted it to you on level 3 of the Lair of Beasts)
 15211 | Snake:1  | You fall through a shaft!
 15349 | Snake:2  | Reached skill level 5 in Axes
 15625 | Snake:1  | Reached skill level 10 in Armour
 15894 | Snake:1  | Reached skill level 10 in Fighting
 16215 | Snake:2  | Noticed Vashnia
 16273 | Snake:2  | Reached skill level 1 in Invocations
 16296 | Snake:2  | HP: 3/115 [Vashnia/arrow (19)]
 16303 | Snake:2  | HP: 4/172 [Vashnia/arrow (1)]
 16303 | Snake:2  | Shot with an arrow by a naga sharpshooter

Skill      XL: |  1  2  3  4  5  6  7  8  9 10 11 12 13 14 |
---------------+-------------------------------------------+-----
Fighting       | 3 4 5 6 7 8 9 10 | 10.0
Axes           | 2 3 5 |  5.8
Shields        | 3 4 5 |  5.7
Stealth        | 1 3 4 |  4.1
Maces & Flails | 2 3 5 8 10 11 | 11.4
Armour         | 3 4 5 6 7 8 9 10 | 10.1
Dodging        | 1 2 3 4 |  4.7
Staves         | 2 5 8 10 11 | 11.3
Invocations    | 1 |  1.0
Evocations     | |  0.1

Action                   |  1- 3 |  4- 6 |  7- 9 | 10-12 | 13-15 || total
-------------------------+-------+-------+-------+-------+-------++-------
Melee: War axe           |    41 |    26 |    33 |       |    91 ||   191
       Bite              |    26 |    48 |    90 |   200 |   294 ||   658
       Whip              |    73 |   106 |    58 |       |       ||   237
       Flail             |       |       |    37 |       |       ||    37
       Quarterstaff      |       |       |   119 |   260 |   142 ||   521
       Dire flail        |       |       |       |   191 |   324 ||   515
       Morningstar       |       |       |       |       |    12 ||    12
Invok: Heroism           |       |       |       |     2 |    12 ||    14
       Finesse           |       |       |       |       |     1 ||     1
Evoke: Wand              |       |       |       |     2 |       ||     2
  Use: Potion            |       |       |     1 |     1 |     2 ||     4
       Scroll            |       |       |       |    13 |     8 ||    21
 Stab: Invisible         |       |       |       |     1 |       ||     1
  Eat: Chunk             |       |     5 |     3 |    13 |    13 ||    34
       Ration            |       |       |     2 |     2 |     2 ||     6
Armor: Scale mail        |    58 |    31 |    77 |    41 |       ||   207
       Plate armour      |       |       |       |    54 |       ||    54
       Chain mail        |       |       |       |   130 |   212 ||   342
       Skin              |       |       |       |       |     1 ||     1
Dodge: Dodged            |    46 |    33 |    85 |   205 |   224 ||   593
Block: Shield            |    58 |    46 |    76 |       |    67 ||   247
